 Dungeon Crawl Stone Soup version 0.29.1-1-gd02db6906a (webtiles) character file.

Game seed: 10250005158403938120

70 Frenzy the Covered (level 4, 0/40 HPs)
             Began as a Hill Orc Fighter on Sept 15, 2022.
             Killed from afar by Sigmund (9 damage)
             ... with a puff of flame
             ... on level 2 of the Dungeon.
             The game lasted 00:09:09 (1199 turns).

Frenzy the Covered (Hill Orc Fighter)               Turns: 1199, Time: 00:09:09

Health: 0/40       AC:  8    Str: 20    XL:     4   Next: 21%
Magic:  4/4        EV:  9    Int:  8    God:
Gold:   67         SH:  4    Dex: 10    Spells: 3/3 levels left

rFire   . . .      SeeInvis .   a - +0 war axe
rCold   . . .      Faith    .   c - +0 buckler
rNeg    . . .      Spirit   .   b - +0 scale mail
rPois   .          Reflect  .   (no helmet)
rElec   .          Harm     .   i - +0 cloak
rCorr   .          Rampage  .   (no gloves)
Will    .....                   (no boots)
Stlth   ..........              (no amulet)
HPRegen 0.13/turn               (no ring)
MPRegen 0.09/turn               (no ring)

@: no status effects
A: no striking features
a: no special abilities


You were on level 2 of the Dungeon.
You visited 1 branch of the dungeon, and saw 2 of its levels.

You collected 67 gold pieces.

Inventory:

Hand Weapons
 a - a +0 war axe (weapon)
Armour
 b - a +0 scale mail (worn)
 c - a +0 buckler (worn)
 i - a +0 cloak (worn)
Scrolls
 f - a scroll of teleportation {unknown}
 k - a scroll of blinking {unknown}
Potions
 d - a potion of might
 e - 2 potions of brilliance {unknown}
 g - 2 potions of curing
 h - a potion of flight {unknown}
 j - a potion of heal wounds {unknown}


   Skills:
 + Level 3.8 Fighting
 + Level 3.8 Axes
 + Level 4.2 Armour
 + Level 0.1 Dodging
 + Level 0.1 Stealth
 + Level 3.9 Shields


You had 3 spell levels left.
You didn't know any spells.
Your spell library was empty.

Dungeon Overview and Level Annotations

Branches:
Dungeon (2/15)

Altars:

Annotations:
D:2 Sigmund


Message History

The adder is lightly wounded.
Something hits you. The adder bites you. The adder closely misses you.
You hit the adder but do no damage.
The adder is lightly wounded.
Something hits you. You block the adder's attack.
You barely miss the adder.
The adder is lightly wounded.
The adder bites you but does no damage. Something hits you but does no damage.
The adder barely misses you.
You hit the adder.
The adder is heavily wounded.
A bat comes into view.
The adder bites you but does no damage. Something hits you.
You block the adder's attack.
You slash the adder!
You kill the adder!
Something hits you. The bat barely misses you. Something hits you.
You see here an adder corpse.
The bat closely misses you. The bat misses you.
You closely miss something. You slash the bat!
You kill the bat!
Something hits you.
You miss something. Something hits you!
You barely miss something. Something hits you but does no damage.
You barely miss something. Something hits you.
You miss something. Something hits you but does no damage.
You barely miss something. Something hits you.
* * * LOW HITPOINT WARNING * * *
You barely miss something. Something hits you!
* * * LOW HITPOINT WARNING * * *
It was a potion of curing.
You feel better.
You completely miss something. Something hits you but does no damage.
You closely miss something. Something hits you.
* * * LOW HITPOINT WARNING * * *
You hit something.
You hear some strange, mumbled words.
A puff of flame appears from out of thin air!
The puff of flame hits you!
You die...

..........†............#
######################.#
# #.# ##### # ########
#.# #...# ###
#......#####.###...###
..
+......'.......'....>#
...
#......#####.###...#.#
##### #...)†{......#
........ ...<#
#.....@†......#........
..#^#
#...........[.#........
..###
#.............#........
....#
####...................
.##.#
###.................
.##.# #........ .##.#
#........ .##.#
######### .##.#


There were no monsters in sight!

Vanquished Creatures
  2 adders (D:2)
  A gnoll (D:1)
  A worm (D:2)
  8 bats
  4 endoplasms
  2 giant cockroaches (D:1)
  2 goblins
  2 hobgoblins
  A quokka (D:2)
  6 ball pythons
  2 frilled lizards (D:1)
  4 kobolds
  5 rats
40 creatures vanquished.

Notes
Turn   | Place    | Note
-------+----------+-------------------------------------------
     0 | D:1      | Frenzy the Hill Orc Fighter began the quest for the Orb.
     0 | D:1      | Reached XP level 1. HP: 19/19 MP: 1/1
   184 | D:1      | Reached XP level 2. HP: 16/26 MP: 2/2
   517 | D:1      | Reached XP level 3. HP: 31/33 MP: 3/3
  1159 | D:2      | Reached skill level 4 in Armour
  1159 | D:2      | Reached XP level 4. HP: 40/40 MP: 4/4
  1176 | D:2      | Noticed Sigmund
  1199 | D:2      | Killed from afar by Sigmund

Illustrated notes

Levels and vault maps discovered:
D:1:      minmay_arrival_four_loops, layout_basic, minmay_misc_feat_iff
D:2:      layout_basic, uniq_sigmund

Skill      XL: |  1  2  3 |
---------------+----------+-----
Axes           | 3 |  3.8
Armour         | 4 |  4.2
Fighting       | |  3.8
Dodging        | |  0.1
Stealth        | |  0.1
Shields        | |  3.9

Action                   |  1- 3 |  4- 6 || total
-------------------------+-------+-------++-------
Melee: War axe           |    86 |    22 ||   108
  Use: Scroll            |     1 |       ||     1
       Potion            |       |     1 ||     1
Armor: Scale mail        |    45 |    12 ||    57
Dodge: Dodged            |    41 |    12 ||    53
Block: Buckler           |    18 |     4 ||    22
